 Dungeon Crawl Stone Soup version 0.25.1-9-gc5326a611f (webtiles) character file.

Game seed: 13708037797418055883

176 melloss the Sneak (level 5, -1/24 HPs)
             Began as a Spriggan Enchanter on Dec 21, 2020.
             Killed from afar by Blork the orc (6 damage)
             ... with a puff of flame
             ... on level 3 of the Dungeon on Dec 22, 2020.
             The game lasted 00:14:24 (4568 turns).

melloss the Sneak (Spriggan Enchanter)              Turns: 4568, Time: 00:14:25

Health: -1/24      AC:  3    Str:  4    XL:     5   Next: 30%
Magic:  2/10       EV: 18    Int: 16    God:
Gold:   73         SH:  5    Dex: 18    Spells: 6/9 levels left

rFire    . . .     SeeInvis +   c - +2 dagger (pain)
rCold    . . .     Gourm    .   t - +0 buckler
rNeg     . . .     Faith    .   b - +0 robe
rPois    .         Spirit   .   (helmet restricted)
rElec    .         Reflect  .   q - +0 cloak
rCorr    .         Harm     .   (gloves unavailable)
MR       .....                  (boots unavailable)
Stlth    ++++......             (no amulet)
HPRegen  0.08/turn              l - ring of flight
MPRegen  0.12/turn              (no ring)

@: very slightly contaminated, very quick
A: very small, unfitting armour, see invisible, herbivore, speed 3, slow
metabolism 2
a: Evoke Flight


You were on level 3 of the Dungeon.
You were not hungry.

You visited 1 branch of the dungeon, and saw 4 of its levels.

You collected 73 gold pieces.

Inventory:

Hand Weapons
 a - a +1 dagger
 c - a +2 dagger of pain (weapon)
 h - a +0 hunting sling
 r - a +1 dagger of freezing
Missiles
 w - 9 poisoned darts (quivered)
Armour
 b - a +0 robe (worn)
 q - a +0 cloak (worn)
 t - a +0 buckler (worn)
Jewellery
 l - a ring of flight (left hand)
Wands
 x - a wand of enslavement (8)
Scrolls
 e - 2 scrolls of enchant weapon {unknown}
 g - 4 scrolls of identify {unknown}
 j - a scroll of magic mapping {unknown}
 m - a scroll of immolation {unknown}
 n - a scroll of amnesia {unknown}
 o - 2 scrolls of teleportation {unknown}
 u - a scroll of remove curse {unknown}
 v - a scroll of fog {unknown}
Potions
 f - a potion of magic {unknown}
 i - a potion of berserk rage {unknown}
 k - a potion of might {unknown}
 p - a potion of mutation {unknown}
 s - 2 potions of stabbing {unknown}
Comestibles
 d - 4 rations


   Skills:
 * Level 4.1 Short Blades
 - Level 3.0 Dodging
 + Level 6.8 Stealth
 - Level 2.6 Spellcasting
 - Level 3.6 Hexes
 + Level 1.0 Ice Magic


You had 6 spell levels left.
You knew the following spells:

 Your Spells              Type           Power        Failure   Level  Hunger
a - Corona                Hex            ##.....      8%          1    #......
b - Ensorcelled Hibernat  Hex/Ice        #.....       19%         2    ##.....

Your spell library contained the following spells:

 Spells                   Type           Power        Failure   Level  Hunger
 Confusing Touch          Hex            ##......     22%         3    ###....
 Tukima's Dance           Hex            ##......     22%         3    ###....
 Dazzling Flash           Conj/Hex       #.....       43%         3    ###....


Dungeon Overview and Level Annotations

Branches:
Dungeon (4/15)
 Temple: D:4-7

Altars:
Dithmenos
Sif Muna
Wu Jian
The Shining One

Annotations:
D:3 Blork the orc


Innate Abilities, Weirdness & Mutations

You are very small and have problems with some larger weapons.
You are too small for most types of armour.
You have supernaturally acute eyesight. (SInv)
You are a herbivore.
You cover ground extremely quickly.
You need to consume almost no food.


Message History

Blork the orc resists with almost no effort.
Casting: Ensorcelled Hibernation (safe; 19% risk of failure)
Confirm with . or Enter, or press ? or * to list all spells.
You don't have enough magic to cast that spell.
Unknown command.
Blork the orc screams, "I'll cover the dungeon with your blood!"
Blork the orc gestures at you while chanting.
The puff of frost hits you!
Blork the orc gestures wildly while chanting.
Blork the orc seems to speed up.
You open the door.
There is an open door here.
There is a stone staircase leading down here.
Blork the orc casts a spell at you. The puff of frost hits you!
Ouch! That really hurt!
* * * LOW HITPOINT WARNING * * *
Blork the orc points at you and mumbles some strange words.
The puff of flame hits you.
You die...

#........# #...............
#.######.# #.#####..######.
#.######.# #.# #..# #.
#.#...##.# #.# ###..#### #.
#.#......# ####.# #.......###.
#.#...#..# ##.##.# #.#.......#.
#....o...###...#.# #.#.........
####.##.###......###.#..##.#.##
#.##.......@.........##.#.#
#.########.########.#...#.# #.#
#.# #.#.###.# #.# #o# #.#.# #.#
#.# ##'## #.#.###.# ##.##
##...## #.......#
##...#####.....## ###.#####
#..#....#.......## ##..###
####....##..........####..#..#


You could see Blork the orc (fast).

Vanquished Creatures
  A worker ant (D:4)
  Robin (D:2)
  3 adders
  3 gnolls (D:3)
  2 oozes (D:3)
  A worm (D:2)
  3 dart slugs
  A leopard gecko (D:1)
  A giant cockroach (D:4)
  16 goblins
  9 hobgoblins
  4 jackals (D:1)
  8 kobolds
  A ball python (D:3)
  7 bats
  3 frilled lizards
  4 rats
68 creatures vanquished.

Notes
Turn   | Place    | Note
-------+----------+-------------------------------------------
     0 | D:1      | melloss the Spriggan Enchanter began the quest for the Orb.
     0 | D:1      | Reached XP level 1. HP: 9/9 MP: 5/5
   447 | D:1      | Reached XP level 2. HP: 12/13 MP: 6/6
   448 | D:1      | Reached skill level 5 in Stealth
   452 | D:1      | Learned a level 2 spell: Ensorcelled Hibernation
  1256 | D:2      | Reached XP level 3. HP: 16/16 MP: 2/8
  1324 | D:2      | Noticed Robin
  1382 | D:2      | Found a faded altar of an unknown god.
  2140 | D:2      | Killed Robin
  2140 | D:2      | Reached skill level 6 in Stealth
  2225 | D:2      | Found an ornate altar of the Wu Jian Council.
  2227 | D:2      | Found a glowing golden altar of the Shining One.
  2295 | D:2      | Found a shimmering blue altar of Sif Muna.
  2545 | D:2      | Reached XP level 4. HP: 8/21 MP: 7/9
  2674 | D:2      | Upgraded the game from 0.25.1-8-g42b30a86e7 to
                  | 0.25.1-9-gc5326a611f
  3844 | D:3      | Reached XP level 5. HP: 24/24 MP: 7/10
  4157 | D:4      | Found a shadowy altar of Dithmenos.
  4191 | D:4      | Reached skill level 1 in Ice Magic
  4278 | D:4      | Noticed Blork the orc
  4568 | D:3      | Killed from afar by Blork the orc

Illustrated notes

Levels and vault maps discovered:
D:1:      dpeg_arrival_long_road, layout_basic
D:2:      layout_rooms, overflow_temple_1_default,
          nicolae_overflow_hidden_temple,
          chequers_ecumenical_altar_simple_redux, uniq_robin,
          uniq_crazy_yiuf_cottage
D:3:      layout_loops_corners
D:4:      layout_basic, serial_shops, shop, grunt_dithmenos_smoke_and_mirrors,
          uniq_blork_the_orc, uniq_pikel, uniq_natasha

Skill      XL: |  1  2  3  4  5 |
---------------+----------------+-----
Stealth        | 5 6 |  6.8
Short Blades   | 2 3 4 |  4.1
Ice Magic      | 1 |  1.0
Dodging        | |  3.0
Spellcasting   | |  2.6
Hexes          | |  3.6

Action                   |  1- 3 |  4- 6 || total
-------------------------+-------+-------++-------
Melee: Dagger            |   164 |    70 ||   234
 Cast: Ensorcelled Hiber |    22 |    27 ||    49
  Use: Potion            |       |     1 ||     1
 Stab: Sleeping          |    21 |    14 ||    35
  Eat: Ration            |     1 |     2 ||     3
Armor: Robe              |    17 |     9 ||    26
Dodge: Dodged            |   127 |    49 ||   176
Block: Buckler           |     4 |    12 ||    16
